 Dungeon Crawl Stone Soup version 0.32-a0-485-g70f7560b1c (webtiles) character file.

Game seed: 3698646882306696873

175 ezpacito the Trooper (level 5, -22/36 HPs)
             Began as a Demonspawn Chaos Knight on Feb 26, 2024.
             Was a Plaything of Xom.
             Annihilated by an ogre
             ... wielding a +0 giant club
              (44 damage)
             ... on level 4 of the Dungeon.
             The game lasted 00:02:58 (2108 turns).

ezpacito the Trooper (Demonspawn Chaos Knight)      Turns: 2108, Time: 00:03:00

Health: -22/36     AC:  8    Str: 14    XL:     5   Next: 29%
Magic:  7/7        EV:  9    Int: 13    God:    Xom [..*...]
Gold:   71         SH:  0    Dex: 10    Spells: 6/6 levels left

rFire   . . .        a - +0 hand axe (chaos)
rCold   + + .        (no shield)
rNeg    . . .        b - +0 chain mail
rPois   .            r - +0 hat
rElec   .            (no cloak)
rCorr   .            (no gloves)
SInv    .            (no boots)
Will    .....        (no amulet) Stlth
                     (no ring)
HPRegen 1.26/turn    (no ring)
MPRegen 0.10/turn

%: no passive effects
@: no status effects
A: repulsion field 1, powered by death 2, clumsy 1, cold resistance 2, frail 1,
mutation resistance 1, wild magic 1
a: Renounce Religion


You were on level 4 of the Dungeon.
You worshipped Xom.
You were a toy of Xom.
You visited 1 branch of the dungeon, and saw 4 of its levels.

You collected 71 gold pieces.

Inventory:

Hand Weapons
 a - a +0 hand axe of chaos (weapon)
Missiles
 n - 10 poisoned darts (quivered)
Armour
 b - a +0 chain mail (worn)
 r - a +0 hat (worn)
Magical Staves
 u - a staff of conjuration
Scrolls
 d - a scroll of acquirement {unknown}
 e - a scroll of amnesia
 k - a scroll of vulnerability {unknown}
 m - 2 scrolls of poison
 o - a scroll of brand weapon {unknown}
 q - 2 scrolls of noise {unknown}
 s - a scroll of teleportation {unknown}
 t - a scroll of revelation
Potions
 g - a potion of invisibility
 l - a potion of enlightenment {unknown}
 p - a potion of ambrosia {unknown}


   Skills:
 * Level 3.5 Fighting
 * Level 3.2(3.3) Axes
 + Level 0.9(2.2) Polearms
 * Level 2.7 Armour
 * Level 1.7 Dodging
 + Level 1.0 Stealth
 * Level 1.3 Unarmed Combat
 * Level 1.3 Spellcasting
 + Level 0.0 Conjurations
 + Level 0.0 Evocations


You had 6 spell levels left.
You didn't know any spells.
Your spell library was empty.

Dungeon Overview and Level Annotations

Branches:
Dungeon (4/15)
 Temple: D:4-7

Altars:


Innate Abilities, Weirdness & Mutations

You are surrounded by a mild repulsion field. (EV +2)
You regenerate health from kills.
You are clumsy. (Dex -2)
Your flesh is very cold resistant. (rC++)
You are frail. (-10% HP)
You are somewhat resistant to further mutation.
Your spells are a little harder to cast, but a little more powerful.


Message History

The jackal is almost dead.
You kill the jackal!
The jackal barely misses you.
You hit the jackal. You burn the jackal.
You kill the jackal!
The jackal bites you but does no damage.
You hit the jackal. You drain the jackal.
You kill the jackal!
A goblin comes into view. It is wielding a +0 club.
The goblin shouts!
You slash the ogre! You freeze the ogre.
The ogre is moderately wounded.
The ogre closely misses you.
You hit the ogre. You burn the ogre.
The ogre is heavily wounded.
You hit the hobgoblin but do no damage.
The hobgoblin hits you but does no damage.
The ogre hits you with a +0 giant club!
You hit the ogre but do no damage.
The ogre is heavily wounded.
You hit the hobgoblin. The hobgoblin barely misses you.
You hit the ogre.
The ogre seems to grow stronger.
The ogre is severely wounded.
You barely miss the hobgoblin. The hobgoblin barely misses you.
The ogre barely misses you.
The hobgoblin hits you but does no damage.
You completely miss the ogre.
The ogre is severely wounded.
You barely miss the goblin. You closely miss the hobgoblin.
The ogre hits you but does no damage. The goblin hits you with a +0 club.
The hobgoblin barely misses you.
You completely miss the ogre.
The ogre is severely wounded.
You closely miss the goblin. You hit the hobgoblin.
The hobgoblin looks weaker.
The hobgoblin hits you but does no damage.
The goblin closely misses you.
The ogre hits you with a +0 giant club!!!
Ouch! That really hurt!
You die...
Xom giggles madly!

.........#
.......
.<...##..#
#...##.... ....
##..###........#
#..
#........⌠...⌠.#
#.
#.............(.
.
#......⌠...>...⌠
#...............
##).....gg...⌠..
#..###.@O....#
#..# #†..##..#
#......!.#
#........#
.........#
#......<..#
...###...# ...
#...#


You could see an ogre (strong), a hobgoblin (weak) and a goblin.

Vanquished Creatures
  Jessica (D:3)
  An orc wizard (D:3)
  4 adders
  3 dart slugs
  A ribbon worm (D:2)
  5 orcs
  7 ball pythons
  6 endoplasms
  A giant cockroach (D:2)
  7 goblins
  6 hobgoblins
  8 jackals
  3 kobolds
  A quokka (D:3)
  6 bats
  4 frilled lizards
  9 rats
73 creatures vanquished.

Vanquished Creatures (collateral kills)
  A frilled lizard (D:2)
1 creature vanquished.

Grand Total: 74 creatures vanquished

Notes
Turn   | Place    | Note
-------+----------+-------------------------------------------
     0 | D:1      | ezpacito the Demonspawn Chaos Knight began the quest for
                  | the Orb.
     0 | D:1      | Reached XP level 1. HP: 18/18 MP: 1/1
    57 | D:1      | XOM: divination: detect items
   108 | D:1      | Reached skill level 1 in Dodging
   146 | D:1      | Gained mutation: You regenerate a little health from kills.
                  | [demonic ancestry]
   146 | D:1      | Reached XP level 2. HP: 20/24 MP: 2/2
   285 | D:1      | XOM: divination: magic mapping
   737 | D:2      | Gained mutation: You regenerate health from kills. [demonic
                  | ancestry]
   737 | D:2      | Reached XP level 3. HP: 29/29 MP: 3/3
   880 | D:2      | XOM: give mutations
   880 | D:2      | Gained mutation: You are somewhat resistant to further
                  | mutation. [Xom's mischief]
   880 | D:2      | Gained mutation: You are clumsy. (Dex -2) [Xom's mischief]
   880 | D:2      | Gained mutation: Your flesh is cold resistant. (rC+) [Xom's
                  | mischief]
   880 | D:2      | Gained mutation: Your spells are a little harder to cast,
                  | but a little more powerful. [Xom's mischief]
   958 | D:2      | XOM: noise
   975 | D:2      | XOM: silly message
   987 | D:2      | XOM: confusion
   995 | D:2      | XOM: give mutations
   995 | D:2      | Gained mutation: You are frail. (-10% HP) [Xom's mischief]
   995 | D:2      | Gained mutation: Your flesh is very cold resistant. (rC++)
                  | [Xom's mischief]
  1002 | D:2      | Gained mutation: You are surrounded by a mild repulsion
                  | field. (EV +2) [demonic ancestry]
  1002 | D:2      | Reached XP level 4. HP: 29/31 MP: 5/5
  1041 | D:2      | Reached skill level 1 in Unarmed Combat
  1606 | D:3      | Reached skill level 1 in Spellcasting
  1649 | D:3      | Noticed Jessica
  1665 | D:3      | Killed Jessica
  1666 | D:3      | Reached skill level 1 in Stealth
  1707 | D:3      | Reached XP level 5. HP: 36/36 MP: 6/6
  1871 | D:3      | Found a faded altar of an unknown god.
  2006 | D:4      | XOM: chaos upgrade
  2098 | D:4      | Noticed an ogre
  2108 | D:4      | Annihilated by an ogre

Illustrated notes

Levels and vault maps discovered:
D:1:      evilmike_arrival_rings, layout_basic, serial_curves, eino_curves_03,
          eino_curves_03, eino_curves_04, eino_curves_04
D:2:      kennysheep_big_flooded_room, layout_basic, grunt_ministairs_9
D:3:      layout_basic, shapermc_ecumenical_altar_pompeii, uniq_jessica
D:4:      layout_gridville, minmay_overflow_temple_hex,
          mainiacjoe_overflow_cross_hatched, grunt_ministairs_2

Skill      XL: |  1  2  3  4 |
---------------+-------------+-----
Dodging        | 1 |  1.7
Armour         | 2 |  2.7
Axes           | 3 |  3.2
Unarmed Combat | 1 |  1.3
Spellcasting   | 1 |  1.3
Stealth        | 1 |  1.0
Fighting       | |  3.5
Polearms       | |  0.9

Action                     |  1- 3 |  4- 6 || total
---------------------------+-------+-------++-------
  Melee: Hand axe          |    92 |    98 ||   190
    Use: Scroll            |       |     6 ||     6
         Potion            |       |     4 ||     4
   Stab: Sleeping          |     1 |       ||     1
         Paralysed         |     1 |       ||     1
         Distracted        |       |     1 ||     1
 Armour: Leather armour    |    37 |       ||    37
         Scale mail        |    22 |    77 ||    99
         Chain mail        |       |     8 ||     8
  Dodge: Dodged            |    62 |    91 ||   153

Table legend: (Time is in decaauts)
 A = Elapsed time spent in this place.
 B = Non-inter-level travel time spent in this place.
 C = Inter-level travel time spent in this place.
 D = Time resting spent in this place.
 E = Time spent auto-exploring this place.
 F = Levels seen in this place.
 G = Mean time per level.
                   A        B        C        D        E       F      G
               +--------+--------+--------+--------+--------+-----+--------+
         Total |   2137 |   2032 |    105 |    155 |   1383 |   4 |  534.2 |
       Dungeon |   2137 |   2032 |    105 |    155 |   1383 |   4 |  534.2 |
               +--------+--------+--------+--------+--------+-----+--------+

Top non-repeatable levels by time:
     D:2: 744 daAuts
     D:1: 690 daAuts
     D:3: 659 daAuts
     D:4: 43 daAuts
